General information
- name: BNet
- type: Ladder team game (AT/RT)
- host: Battle.net
- saver: TRAINING.WHEELS
map: Deadlock
- players: 8
- length: 33:33
- speed: Fast
- version: 1.27 W3XP
- replay type: Public
» download(183 KB)
Players
team 1 (winner)

»
wowboys (
red | 105 APM | 1610 actions | 15:21)
3 Death Knight
2 Death Coil
1 Unholy Aura
2 Lich
1 Frost Nova
1 Frost Armor
1 Beastmaster
1 Summon Quilbeast
» actions
| Assign group hotkey | 5 | |
| Basic commands | 36 | |
| Build / train | 29 | |
| Enter build submenu | 12 | |
| Enter hero's abilities submenu | 6 | |
| Right click | 1123 | |
| Select / deselect | 347 | |
| Select group hotkey | 5 | |
| Use ability | 47 | |
1610 total
» units
| Acolyte | 2 | |
| Ghoul | 3 | |
| Crypt Fiend | 8 | |
13 total
» upgrades
| Creature Attack | 1 | |
| Burrow | 1 | |
| Web | 1 | |
3 total
» buildings
| Graveyard | 1 | |
| Crypt | 1 | |
| Altar of Darkness | 1 | |
| Ziggurat | 6 | |
| Tomb of Relics | 1 | |
| Halls of the Dead | 1 | |
| Black Citadel | 1 | |
| Sacrificial Pit | 1 | |
| Boneyard | 1 | |
| Nerubian Tower | 1 | |
15 total
» build order
00:10 Graveyard
00:13 Crypt
00:42 Altar of Darkness
00:59 Ziggurat
01:26 Tomb of Relics
02:24 Ziggurat
04:18 Halls of the Dead
04:32 Ziggurat
06:59 Ziggurat
08:09 Black Citadel
10:08 Sacrificial Pit
11:21 Boneyard
11:59 Ziggurat
12:02 Ziggurat
12:23 Nerubian Tower
» items
TRAINING.WHEELS (
yellow | 65 APM | 2173 actions | 33:33)
6 Blademaster
3 Wind Walk
2 Critical Strike
1 Bladestorm
1 Pandaren Brewmaster
1 Drunken Brawler
4 Shadow Hunter
2 Hex
2 Healing Wave
» actions
| Assign group hotkey | 30 | |
| Basic commands | 171 | |
| Build / train | 71 | |
| Enter build submenu | 18 | |
| Enter hero's abilities submenu | 11 | |
| Give item / drop item | 1 | |
| Remove unit from queue | 1 | |
| Right click | 926 | |
| Select / deselect | 243 | |
| Select group hotkey | 624 | |
| Use ability | 77 | |
2173 total
» units
| Peon | 19 | |
| Grunt | 3 | |
| Wind Rider | 7 | |
| Raider | 1 | |
30 total
» upgrades
| Reinforced Defenses | 1 | |
| Envenomed Spears | 1 | |
| Ranged Weapons | 3 | |
| Armor | 3 | |
8 total
» buildings
| Altar of Storms | 1 | |
| Orc Burrow | 6 | |
| Barracks | 1 | |
| Voodoo Lounge | 1 | |
| Stronghold | 1 | |
| War Mill | 1 | |
| Great Hall | 2 | |
| Beastiary | 3 | |
| Fortress | 2 | |
| Watch Tower | 10 | |
28 total
» build order
00:10 Altar of Storms
00:19 Orc Burrow
00:36 Barracks
01:22 Orc Burrow
01:55 Voodoo Lounge
02:53 Stronghold
03:33 War Mill
04:40 Great Hall
04:48 Orc Burrow
05:37 Beastiary
06:20 Great Hall
06:39 Beastiary
06:52 Fortress
06:52 Fortress
07:02 Beastiary
07:20 Orc Burrow
07:21 Orc Burrow
08:33 Orc Burrow
11:47 Watch Tower
11:47 Watch Tower
11:48 Watch Tower
11:49 Watch Tower
11:50 Watch Tower
11:50 Watch Tower
15:14 Watch Tower
15:14 Watch Tower
15:15 Watch Tower
15:16 Watch Tower
» items
| Healing Salve | 4 | |
| Staff of Teleportation | 3 | |
| Potion of Lesser Invulnerability | 2 | |
| Scroll of Town Portal | 4 | |
| Orb of Lightning | 1 | |
14 total

»
putgeminmouth (
teal | 52 APM | 1754 actions | 33:32)
8 Priestess of the Moon
3 Trueshot Aura
2 Scout
2 Searing Arrows
1 Starfall
» actions
| Assign group hotkey | 44 | |
| Basic commands | 245 | |
| Build / train | 75 | |
| ESC pressed | 18 | |
| Enter build submenu | 15 | |
| Enter hero's abilities submenu | 8 | |
| Give item / drop item | 3 | |
| Right click | 508 | |
| Select / deselect | 250 | |
| Select group hotkey | 523 | |
| Use ability | 65 | |
1754 total
» units
| Wisp | 9 | |
| Archer | 38 | |
| Centaur Outrunner | 1 | |
48 total
» upgrades
| Strength of the Moon | 3 | |
| Improved Bows | 1 | |
| Moon Armor | 3 | |
| Marksmanship | 1 | |
8 total
» buildings
| Altar of Elders | 1 | |
| Moon Well | 4 | |
| Ancient of War | 3 | |
| Ancient of Wonders | 2 | |
| Hunter's Hall | 1 | |
| Tree of Ages | 1 | |
| Tree of Eternity | 1 | |
| Tree of Life | 2 | |
15 total
» build order
00:11 Altar of Elders
00:23 Moon Well
00:37 Ancient of War
01:46 Moon Well
01:52 Ancient of Wonders
02:00 Ancient of Wonders
02:37 Moon Well
03:16 Hunter's Hall
03:40 Moon Well
04:44 Tree of Ages
08:32 Tree of Eternity
10:42 Ancient of War
10:45 Ancient of War
23:26 Tree of Life
23:33 Tree of Life
» items
| Rod of Necromancy | 1 | |
| Orb of Venom | 1 | |
| Potion of Healing | 1 | |
| Scroll of Town Portal | 1 | |
| Staff of Teleportation | 1 | |
| Periapt of Vitality | 1 | |
6 total

»
LordMorgoth (
orange | 27 APM | 708 actions | 26:31)
2 Death Knight
1 Death Coil
1 Unholy Aura
1 Firelord
1 Summon Lava Spawn
» actions
| Assign group hotkey | 6 | |
| Basic commands | 54 | |
| Build / train | 72 | |
| ESC pressed | 4 | |
| Enter build submenu | 18 | |
| Enter hero's abilities submenu | 3 | |
| Right click | 141 | |
| Select / deselect | 251 | |
| Select group hotkey | 109 | |
| Use ability | 50 | |
708 total
» units
| Acolyte | 19 | |
| Ghoul | 10 | |
| Crypt Fiend | 8 | |
| Obsidian Statue | 6 | |
| Gargoyle | 1 | |
44 total
» upgrades
| Web | 1 | |
| Burrow | 1 | |
| Creature Attack | 3 | |
| Creature Carapace | 3 | |
| Destroyer Form | 1 | |
9 total
» buildings
| Altar of Darkness | 1 | |
| Ziggurat | 10 | |
| Crypt | 2 | |
| Tomb of Relics | 1 | |
| Nerubian Tower | 6 | |
| Graveyard | 1 | |
| Spirit Tower | 3 | |
| Halls of the Dead | 1 | |
| Black Citadel | 1 | |
| Slaughterhouse | 2 | |
28 total
» build order
00:09 Altar of Darkness
00:12 Ziggurat
00:54 Crypt
01:00 Tomb of Relics
01:27 Nerubian Tower
01:34 Ziggurat
02:48 Graveyard
03:48 Ziggurat
04:21 Spirit Tower
04:48 Halls of the Dead
04:54 Ziggurat
05:23 Nerubian Tower
07:07 Crypt
08:46 Nerubian Tower
10:01 Ziggurat
10:02 Ziggurat
10:03 Ziggurat
11:15 Ziggurat
11:29 Ziggurat
11:37 Spirit Tower
11:40 Black Citadel
11:52 Nerubian Tower
11:53 Spirit Tower
12:08 Nerubian Tower
12:16 Slaughterhouse
12:17 Slaughterhouse
14:41 Nerubian Tower
» items
| Rod of Necromancy | 1 | |
| Scroll of Town Portal | 1 | |
2 total
team 2 (loser)

»
Russian-Pie (
pink | 113 APM | 1091 actions | 09:41)
2 Keeper of the Grove
1 Entangling Roots
1 Thorns Aura
1 Priestess of the Moon
1 Searing Arrows
» actions
| Assign group hotkey | 22 | |
| Build / train | 33 | |
| Enter build submenu | 11 | |
| Enter hero's abilities submenu | 3 | |
| Right click | 433 | |
| Select / deselect | 117 | |
| Select group hotkey | 435 | |
| Use ability | 37 | |
1091 total
» units
» upgrades
| Strength of the Moon | 1 | |
| Improved Bows | 1 | |
| Moon Armor | 1 | |
3 total
» buildings
| Moon Well | 4 | |
| Ancient of War | 2 | |
| Altar of Elders | 1 | |
| Ancient of Wonders | 1 | |
| Hunter's Hall | 1 | |
| Tree of Ages | 1 | |
| Tree of Eternity | 1 | |
| Chimaera Roost | 2 | |
13 total
» build order
00:09 Moon Well
00:49 Ancient of War
00:55 Ancient of War
01:08 Altar of Elders
01:18 Ancient of Wonders
01:45 Moon Well
02:29 Moon Well
03:20 Hunter's Hall
04:20 Tree of Ages
05:44 Moon Well
06:58 Tree of Eternity
08:46 Chimaera Roost
08:48 Chimaera Roost
» items
| Dust of Appearance | 1 | |
| Scroll of Town Portal | 1 | |
2 total
Pwnu (
purple | 91 APM | 3047 actions | 33:32)
9 Blood Mage
3 Flame Strike
3 Siphon Mana
1 Summon Phoenix
2 Banish
1 Goblin Alchemist
1 Chemical Rage
» actions
| Assign group hotkey | 82 | |
| Basic commands | 41 | |
| Build / train | 141 | |
| ESC pressed | 1 | |
| Enter build submenu | 67 | |
| Enter hero's abilities submenu | 10 | |
| Give item / drop item | 8 | |
| Right click | 1222 | |
| Select / deselect | 385 | |
| Select group hotkey | 912 | |
| Use ability | 178 | |
3047 total
» units
| Peasant | 20 | |
| Footman | 9 | |
| Sorceress | 1 | |
| Gryphon Rider | 7 | |
| Wisp | 5 | |
42 total
» upgrades
| Masonry | 3 | |
| Defend | 1 | |
| Swords | 3 | |
| Sorceress Training | 1 | |
| Armor | 3 | |
| Lumber Harvesting | 1 | |
| Well Spring | 1 | |
| Animal War Training | 1 | |
| Storm Hammers | 1 | |
15 total
» buildings
| Altar of Kings | 1 | |
| Barracks | 1 | |
| Farm | 8 | |
| Arcane Vault | 2 | |
| Scout Tower | 34 | |
| Lumber Mill | 1 | |
| Arcane Tower | 2 | |
| Keep | 3 | |
| Guard Tower | 33 | |
| Blacksmith | 1 | |
| Ancient Protector | 4 | |
| Castle | 2 | |
| Town Hall | 3 | |
| Arcane Sanctum | 1 | |
| Gryphon Aviary | 2 | |
| Moon Well | 2 | |
| Tree of Life | 1 | |
| Tree of Ages | 1 | |
102 total
» build order
00:50 Altar of Kings
00:54 Barracks
01:20 Farm
01:24 Farm
01:51 Farm
02:13 Farm
02:33 Arcane Vault
02:42 Scout Tower
02:47 Lumber Mill
04:05 Arcane Tower
04:05 Arcane Tower
05:24 Keep
05:24 Keep
05:24 Keep
06:09 Scout Tower
06:10 Scout Tower
06:10 Scout Tower
06:37 Guard Tower
06:38 Guard Tower
06:38 Guard Tower
06:38 Guard Tower
06:48 Blacksmith
07:02 Ancient Protector
07:03 Ancient Protector
07:58 Farm
08:01 Farm
08:30 Scout Tower
08:30 Scout Tower
08:31 Scout Tower
08:32 Scout Tower
09:04 Castle
09:04 Castle
09:50 Scout Tower
09:50 Scout Tower
09:51 Scout Tower
09:51 Scout Tower
09:52 Scout Tower
10:45 Town Hall
10:48 Scout Tower
10:50 Scout Tower
10:51 Scout Tower
11:13 Guard Tower
11:13 Guard Tower
11:14 Guard Tower
11:16 Arcane Sanctum
11:41 Guard Tower
11:41 Guard Tower
11:49 Guard Tower
11:49 Guard Tower
11:55 Guard Tower
11:55 Guard Tower
11:56 Guard Tower
12:03 Scout Tower
12:05 Scout Tower
13:00 Guard Tower
13:00 Guard Tower
13:00 Guard Tower
13:00 Guard Tower
14:48 Arcane Vault
14:51 Gryphon Aviary
14:53 Gryphon Aviary
15:00 Scout Tower
15:01 Scout Tower
15:02 Scout Tower
15:04 Scout Tower
16:24 Guard Tower
16:33 Town Hall
16:47 Scout Tower
16:47 Scout Tower
16:48 Scout Tower
16:49 Scout Tower
17:41 Scout Tower
17:43 Scout Tower
17:44 Scout Tower
19:51 Guard Tower
22:11 Guard Tower
22:11 Guard Tower
22:20 Moon Well
22:21 Moon Well
22:28 Tree of Life
22:52 Scout Tower
22:54 Scout Tower
22:55 Scout Tower
22:58 Scout Tower
22:59 Scout Tower
23:30 Guard Tower
23:30 Guard Tower
26:43 Town Hall
27:14 Ancient Protector
27:15 Ancient Protector
28:47 Farm
28:54 Farm
31:19 Tree of Ages
» items
| Scroll of Regeneration | 5 | |
| Mechanical Critter | 3 | |
| Potion of Invisibility | 2 | |
| Staff of Teleportation | 1 | |
| Scroll of Town Portal | 3 | |
| Healing Salve | 1 | |
| Lesser Clarity Potion | 4 | |
| Staff of Sanctuary | 1 | |
20 total
AOS21 (
green | 24 APM | 660 actions | 27:06)
3 Far Seer
2 Feral Spirit
1 Chain Lighting
» actions
| Basic commands | 31 | |
| Build / train | 86 | |
| ESC pressed | 2 | |
| Enter build submenu | 23 | |
| Enter hero's abilities submenu | 3 | |
| Right click | 222 | |
| Select / deselect | 265 | |
| Use ability | 28 | |
660 total
» units
| Peon | 8 | |
| Grunt | 9 | |
| Hippogryph | 15 | |
| Chimaera | 13 | |
| Troll Witch Doctor | 3 | |
| Shaman | 3 | |
| Troll Headhunter/Berserker | 9 | |
| Wisp | 11 | |
71 total
» upgrades
| Armor | 2 | |
| Shaman Training | 2 | |
| Witch Doctor Training | 2 | |
| Reinforced Hides | 3 | |
9 total
» buildings
| Orc Burrow | 6 | |
| Altar of Storms | 1 | |
| Barracks | 2 | |
| War Mill | 1 | |
| Watch Tower | 3 | |
| Voodoo Lounge | 1 | |
| Stronghold | 1 | |
| Spirit Lodge | 2 | |
| Fortress | 1 | |
| Moon Well | 3 | |
| Tree of Life | 1 | |
22 total
» build order
00:11 Orc Burrow
00:16 Altar of Storms
01:27 Orc Burrow
02:15 Barracks
02:48 Orc Burrow
02:57 War Mill
03:04 Barracks
04:34 Watch Tower
06:41 Orc Burrow
07:04 Orc Burrow
07:15 Voodoo Lounge
08:04 Stronghold
10:27 Spirit Lodge
10:30 Spirit Lodge
10:33 Fortress
10:48 Orc Burrow
12:33 Watch Tower
12:43 Watch Tower
13:26 Moon Well
13:40 Moon Well
22:22 Tree of Life
22:47 Moon Well

»
Help (
blue | 34 APM | 221 actions | 06:27)
2 Goblin Alchemist
1 Chemical Rage
1 Healing Spray
» actions
| Build / train | 19 | |
| Enter build submenu | 10 | |
| Enter hero's abilities submenu | 2 | |
| Right click | 124 | |
| Select / deselect | 46 | |
| Use ability | 20 | |
221 total
» units
» buildings
| Hunter's Hall | 1 | |
| Moon Well | 4 | |
| Altar of Elders | 1 | |
| Ancient Protector | 3 | |
| Tree of Ages | 1 | |
| Tree of Eternity | 1 | |
| Ancient of Wind | 1 | |
12 total
» build order
00:11 Hunter's Hall
00:20 Moon Well
01:09 Altar of Elders
01:51 Ancient Protector
02:41 Tree of Ages
02:56 Ancient Protector
03:24 Ancient Protector
03:28 Moon Well
05:24 Tree of Eternity
05:30 Ancient of Wind
05:39 Moon Well
05:44 Moon Well
» items
| Boots of Speed | 1 | |
| Staff of Teleportation | 1 | |
2 total
Chat log
(00:18 / Allies) LordMorgoth: hey ho
(00:25 / Allies) TRAINING.WHEELS: wyvern bats
(00:33 / Allies) wowboys: fiends wyrms
(04:03 / All) Pwnu: nice mh
(04:03 / All) Pwnu: 6-0
(05:04 / All) Pwnu: nice lol
(05:05 / All) Pwnu: go straight for me
(05:08 / All) Pwnu: from your creep camp you were at
(05:37 / Allies) putgeminmouth: oj draw them out plz
(05:58 / Allies) TRAINING.WHEELS: wood
(06:28 / Allies) TRAINING.WHEELS: wood
(06:42 / Allies) TRAINING.WHEELS: WOOD wood
(06:45 / Allies) TRAINING.WHEELS: jeuss christ
(07:15 / All) Pwnu: perfect timings
(07:56 / Allies) wowboys: 2 tp
(07:57 / Allies) wowboys: to me
(08:40 / Allies) TRAINING.WHEELS: hit top middle
(09:13 / All) Pwnu: so obvious mh lol
(09:27 / All) Russian-Pie: yeah that was bad llool
(09:31 / All) Russian-Pie: saw me coming kept adjusting
(10:28 / Allies) TRAINING.WHEELS: wood, going 100 food
(12:13 / All) TRAINING.WHEELS: hacker red down
(12:23 / All) Pwnu: HACKER DOWN
(12:40 / Allies) TRAINING.WHEELS: guys
(12:42 / Allies) TRAINING.WHEELS: red is a mpahacker
(12:44 / Allies) TRAINING.WHEELS: i tk maphackers
(12:46 / Allies) wowboys: ?
(12:47 / Allies) wowboys: how the fuck
(12:49 / Allies) wowboys: am i maphacking
(12:50 / Allies) wowboys: you dumb fuck
(12:53 / All) Pwnu: 6-2 now
(13:13 / Allies) LordMorgoth: wtf are u doing yellow
(13:15 / All) putgeminmouth: red is tk
(13:16 / Allies) wowboys: this game
(13:17 / Allies) wowboys: isnt hjard
(13:18 / All) TRAINING.WHEELS: RED IS MAPHACKING
(13:19 / All) TRAINING.WHEELS: IDIOTS
(13:21 / Allies) wowboys: ROFL
(13:25 / All) Pwnu: He's a mher
(13:28 / All) Pwnu: that much is obvious
(13:31 / All) Pwnu: hacker down
(13:33 / All) wowboys: u realize
(13:37 / All) TRAINING.WHEELS: I TK MAPHACKERS
(13:37 / All) wowboys: that my fiend
(13:42 / All) wowboys: crossed ur fuckin green camp ROFL
(13:49 / All) Pwnu: You went straight for me instantly
(13:52 / All) Pwnu: after anything you were doing
(13:53 / All) TRAINING.WHEELS: out red
(13:54 / All) wowboys: its obvious
(13:55 / All) TRAINING.WHEELS: u hacker
(13:56 / All) wowboys: wehre ur at
(13:57 / All) wowboys: u fuckin idiot
(13:58 / All) wowboys: ROFL
(14:01 / All) wowboys: u think
(14:02 / All) wowboys: its hard
(14:03 / All) wowboys: to know
(14:07 / All) wowboys: where people creep
(14:08 / All) wowboys: on this map
(14:08 / All) Pwnu: I maphack but don't play for wins and I can tell you have it
(14:09 / All) wowboys: ?
(14:13 / All) Pwnu: You went straight fucking for me
(14:17 / All) Pwnu: you denying idiot
(14:19 / All) TRAINING.WHEELS: hacker red down lol
(14:21 / All) wowboys: nice mh
(14:22 / All) wowboys: too
(14:25 / All) wowboys: u just called it out ROFL
(14:28 / All) Pwnu: You went straight fucking for me
(14:30 / All) TRAINING.WHEELS: kodo #1 nigga
(14:33 / All) Pwnu: it's so obvious
(14:38 / All) Pwnu: Grubby #1
(15:07 / All) TRAINING.WHEELS: i cant let hacker red win so im gonna kill oj too
(15:16 / Allies) putgeminmouth: good call
(15:17 / All) wowboys: got like 30 more smurfs
(15:19 / All) wowboys: have fun retards
(15:22 / All) TRAINING.WHEELS: out red
(15:24 / All) Pwnu: lol
(15:24 / All) Pwnu: raped
(15:36 / Allies) TRAINING.WHEELS: actually
(15:38 / Allies) TRAINING.WHEELS: lets kill blue
(15:47 / Allies) TRAINING.WHEELS: stay oj
(16:13 / Allies) TRAINING.WHEELS: b
(16:13 / Allies) TRAINING.WHEELS: b
(16:40 / All) Pwnu: I bet red pinged to hit top mid since he saw my expo was near it
(17:04 / All) TRAINING.WHEELS: i wan tmy panda to die
(18:58 / All) TRAINING.WHEELS: useless prick oj
(19:35 / All) Pwnu: the fuck those peasants doing?
(19:49 / All) TRAINING.WHEELS: better get gargs oj
(19:51 / All) TRAINING.WHEELS: or ur dead
(19:52 / Allies) LordMorgoth: sucker nab
(21:21 / All) TRAINING.WHEELS: everytime we face aplayer like a 6-0 they get the most luck ever
(21:30 / All) Pwnu: He was a maphacker
(21:31 / All) TRAINING.WHEELS: cuz most of them hack prob
(21:31 / All) Pwnu: no luck
(21:40 / All) TRAINING.WHEELS: stats pink he was their high ell player
(21:40 / All) Pwnu: those perfect timings were not luck
(22:11 / All) TRAINING.WHEELS: me and teal are gonna kill green blue next
(22:23 / All) TRAINING.WHEELS: teal is awesome he helped me vs red and oj lol
(23:06 / All) TRAINING.WHEELS: oj you deserved to get tked for not noticing red hacked
(23:12 / All) LordMorgoth: u just suck so hard nerd,
(23:34 / All) TRAINING.WHEELS: last aco
(24:01 / All) LordMorgoth: sure i dont know hacks as good as u
(24:14 / All) Pwnu: don't even have storm hammer biatch
(25:12 / All) TRAINING.WHEELS: ur 100% certain he mh?
(25:26 / All) Pwnu: yeah
(25:40 / All) Pwnu: I'm a maphacker and I know em when I see em
(26:21 / All) LordMorgoth: the only sure thing here is that you suck so hard, and u should get a life
(26:27 / All) Pwnu: I'm owning you
(26:29 / All) LordMorgoth: if i see u, u'll know how to tk
(26:31 / All) Pwnu: owned you with just a blood mage earlier
(26:33 / All) Pwnu: I dota you to death
(27:27 / All) TRAINING.WHEELS: how do uwant to deal with teal. if he we give him win red gets a tie
(27:37 / All) putgeminmouth: kill me then
(27:37 / All) Pwnu: Your team loses
(27:46 / All) TRAINING.WHEELS: ok ill kill my shit. red def needs loss
(28:06 / All) Pwnu: thanks teal
(28:07 / All) Pwnu: you're a pal
(28:10 / All) putgeminmouth: <3
(28:24 / All) Pwnu: Nothing personal your team had a hacker playing for wins
(28:25 / All) TRAINING.WHEELS: u have permission to hurt my buildings teal
(30:42 / All) TRAINING.WHEELS: me want to see starfall!
(30:56 / All) TRAINING.WHEELS: lawl
(30:58 / All) Pwnu: lawl
(31:08 / All) Pwnu: this last building?
(31:09 / All) Pwnu: oh nvm
(31:10 / All) Pwnu: red's
(31:56 / All) TRAINING.WHEELS: sh vs potm battle before this ends!
(32:16 / All) Pwnu: lawl
(32:24 / All) TRAINING.WHEELS: i cant even get half his hp
(32:30 / All) Pwnu: bm potm duel?
(32:32 / All) putgeminmouth: lvl8 vs 4
(33:28 / All) TRAINING.WHEELS: maybe if he had mana for starfall
(33:30 / All) Pwnu: banish op